[Event "Saturday Night engine Tour 9 Rd Swiss 7m+1s Starts at 2200hrs ST"]
[Site "Infinity Chess"]
[Date "2018.1.20"]
[Round "2"]
[White "Eman"]
[Black "Murx"]
[Result "1/2-1/2"]
[ECO "C58"]
[WhiteElo "2511"]
[BlackElo "2513"]
[WhiteEngine "Eman 1.64c 64-bit POPCNT"]
[BlackEngine "BrainFish_180113_x64_modern"]
[EventType "Swiss"]
[WhiteTeam ""]
[BlackTeam ""]
[PlyCount "196"]
[TimeControl "420+1"]

1. e4 e5 2. Nf3 Nc6 3. Bc4 Nf6 4. Ng5 d5 5. exd5 Na5 6. Bb5+ c6 7. dxc6 bxc6 
8. Bd3 Nd5 9. h4 Nf4 10. Bf1 h6 11. Nf3 Bd6 12. g3 e4 13. gxf4 exf3 14. Qxf3 O-O 
15. Bg2 Rb8 16. O-O Qxh4 17. d3 Bc5 18. f5 Bd6 19. Re1 c5 20. Nc3 Rd8 
21. Kf1 Bb7 22. Qh3 Qxh3 23. Bxh3 c4 24. d4 Nc6 25. Ne4 Bb4 26. c3 Nxd4 
27. cxb4 Nc2 28. Bf4 Nxa1 29. Bxb8 Rxb8 30. Nd6 Nc2 31. Re7 Bf3 32. Nxf7 Nxb4 
33. Ne5 Nd5 34. Rxa7 Nf4 35. Nxf3 Rxb2 36. Ra8+ Kf7 37. Ra7+ Kg8 38. f6 Rb1+ 
39. Ne1 Nxh3 40. Rxg7+ Kf8 41. Rc7 Rb2 42. Kg2 Nxf2 43. Kf3 Rxa2 44. Rh7 c3 
45. Rxh6 Nd1 46. Rh8+ Kf7 47. Rh7+ Kxf6 48. Rd7 Rd2 49. Rc7 Ke5 50. Rc4 Rf2+ 
51. Kg3 Rf6 52. Nc2 Rf8 53. Ne3 Nxe3 54. Rxc3 Ke4 55. Rc7 Rg8+ 56. Kf2 Rg2+ 
57. Ke1 Rg1+ 58. Kd2 Rg2+ 59. Kc1 Rh2 60. Re7+ Kd4 61. Rd7+ Nd5 62. Rd8 Ke5 
63. Rc8 Kf4 64. Rc2 Rh1+ 65. Kb2 Kf5 66. Kb3 Rh4 67. Re2 Kf4 68. Re6 Kf5 
69. Re2 Kf6 70. Re1 Rb4+ 71. Kc2 Rd4 72. Re2 Rg4 73. Kb3 Kf5 74. Re8 Kf6 
75. Re2 Rb4+ 76. Kc2 Rf4 77. Kd3 Kf5 78. Rh2 Kg5 79. Rh8 Kf5 80. Rd8 Ke5 
81. Re8+ Kf5 82. Re2 Nf6 83. Kc3 Nd5+ 84. Kd3 Nb4+ 85. Ke3 Rh4 86. Rb2 Re4+ 
87. Kd2 Ke5 88. Kd1 Nd5 89. Rh2 Kd4 90. Kc1 Kc5 91. Rg2 Kd6 92. Rh2 Re3 
93. Kd2 Ra3 94. Rh6+ Kc5 95. Rh4 Nf6 96. Kc2 Kd5 97. Kb2 Rf3 98. Rh6 Nd7 1/2-1/2

[Event "Saturday Night engine Tour 9 Rd Swiss 7m+1s Starts at 2200hrs ST"]
[Site "Infinity Chess"]
[Date "2018.1.20"]
[Round "2"]
[White "KhalidOmar"]
[Black "SkyPilot"]
[Result "1/2-1/2"]
[ECO "D11"]
[WhiteElo "2529"]
[BlackElo "2538"]
[WhiteEngine "Eman 1.64c 64-bit BMI2"]
[BlackEngine "stockfish_x64_bmi2_2018_01_13_CTG"]
[EventType "Swiss"]
[WhiteTeam ""]
[BlackTeam ""]
[PlyCount "188"]
[TimeControl "420+1"]

1. d4 d5 2. c4 c6 3. Nf3 Nf6 4. e3 e6 5. Nbd2 Nbd7 6. b3 Bd6 7. Bb2 O-O 
8. Bd3 b6 9. O-O Bb7 10. Re1 Qc7 11. e4 dxe4 12. Nxe4 Nxe4 13. Rxe4 Be7 
14. Qc2 g6 15. Rd1 Bf6 16. Re3 c5 17. Be4 Bxe4 18. Rxe4 Rad8 19. Ree1 cxd4 
20. Bxd4 Bxd4 21. Nxd4 a6 22. a3 e5 23. Nf3 Rfe8 24. b4 Rc8 25. Qd3 Nf8 
26. Qe3 Qxc4 27. Nxe5 Qc7 28. h3 Re7 29. Qg3 Rce8 30. f4 Nd7 31. Nxd7 Rxe1+ 
32. Rxe1 Rxe1+ 33. Qxe1 Qxd7 34. Qe5 b5 35. Kh2 Qd2 36. Qe8+ Kg7 37. Qe5+ Kg8 
38. Kg3 Qd1 39. Kh4 Qd3 40. Qb8+ Kg7 41. Qe5+ Kg8 42. Qb8+ Kg7 43. Qe5+ Kf8 
44. Qh8+ Ke7 45. Qe5+ Kf8 46. g4 Kg8 47. g5 Kf8 48. Qh8+ Ke7 49. Qf6+ Kf8 
50. Qxa6 Kg8 51. Qa7 Kg7 52. Kg4 Qd2 53. Qb6 Qg2+ 54. Kh4 Qf3 55. Qd4+ Kf8 
56. Qh8+ Ke7 57. Qf6+ Kf8 58. Qd4 Kg8 59. a4 bxa4 60. Qd8+ Kg7 61. Qd4+ Kf8 
62. b5 a3 63. Qd8+ Kg7 64. Qf6+ Kg8 65. Qd8+ Kg7 66. Qd4+ f6 67. Qxf6+ Kg8 
68. Qd8+ Kf7 69. Qf6+ Kg8 70. Qe6+ Kg7 71. Qe7+ Kg8 72. Qe8+ Kg7 73. Qd7+ Kh8 
74. Qc7 Qf2+ 75. Kg4 a2 76. Qc3+ Kg8 77. Qc8+ Kf7 78. Qb7+ Ke6 79. Qa6+ Kd7 
80. Qb7+ Ke8 81. Qa8+ Kd7 82. Qb7+ Ke8 83. Qc6+ Ke7 84. Qf6+ Ke8 85. Qe5+ Kd7 
86. Qd5+ Ke8 87. Qe6+ Kf8 88. Qf6+ Kg8 89. Qd8+ Kf7 90. Qc7+ Ke6 91. Qc6+ Kf7 
92. Qf6+ Kg8 93. Qd8+ Kf7 94. Qf6+ Kg8 1/2-1/2

[Event "Saturday Night engine Tour 9 Rd Swiss 7m+1s Starts at 2200hrs ST"]
[Site "Infinity Chess"]
[Date "2018.1.20"]
[Round "2"]
[White "CoffeeOne"]
[Black "Deep_Impact"]
[Result "1/2-1/2"]
[ECO "C58"]
[WhiteElo "2546"]
[BlackElo "2579"]
[WhiteEngine "Houdini 6"]
[BlackEngine "BrainFish_180113_x64_modern"]
[EventType "Swiss"]
[WhiteTeam ""]
[BlackTeam ""]
[PlyCount "66"]
[TimeControl "420+1"]

1. e4 e5 2. Nf3 Nc6 3. Bc4 Nf6 4. Ng5 d5 5. exd5 Na5 6. Bb5+ c6 7. dxc6 bxc6 
8. Bd3 Nd5 9. h4 h6 10. Qh5 Qf6 11. Ne4 Qe6 12. Ng5 Qf6 13. Nh7 Rxh7 14. Bxh7 g6 
15. Qe2 Nf4 16. Qf3 Bb7 17. Nc3 Qg7 18. d3 c5 19. Ne4 O-O-O 20. Bxf4 exf4 
21. Qg4+ f5 22. Qxg6 fxe4 23. Qxg7 Bxg7 24. Bxe4 Bxe4 25. dxe4 Bxb2 26. Rd1 Re8 
27. Rd5 Rxe4+ 28. Kd2 Bd4 29. Re1 Nc4+ 30. Kd1 Nb2+ 31. Kd2 Nc4+ 32. Kd1 Nb2+ 
33. Kd2 Nc4+ 1/2-1/2

[Event "Saturday Night engine Tour 9 Rd Swiss 7m+1s Starts at 2200hrs ST"]
[Site "Infinity Chess"]
[Date "2018.1.20"]
[Round "2"]
[White "OlivierEvan"]
[Black "Victorious"]
[Result "1/2-1/2"]
[ECO "D31"]
[WhiteElo "2409"]
[BlackElo "2526"]
[WhiteEngine "Houdini 6"]
[BlackEngine "BugChess2.41_Release"]
[EventType "Swiss"]
[WhiteTeam ""]
[BlackTeam ""]
[PlyCount "97"]
[TimeControl "420+1"]

1. d4 d5 2. c4 e6 3. Nc3 c6 4. Nf3 Nf6 5. Bg5 h6 6. Bxf6 Qxf6 7. e3 g6 
8. Be2 Nd7 9. O-O Bg7 10. e4 dxe4 11. Nxe4 Qf4 12. Qc2 f5 13. Ned2 c5 14. g3 Qc7 
15. Nh4 Bxd4 16. Nxg6 Rg8 17. Nh4 Nf6 18. Ndf3 Rxg3+ 19. hxg3 Qxg3+ 20. Ng2 Ng4 
21. Qd2 Bxf2+ 22. Rxf2 Qxf2+ 23. Kh1 Bd7 24. Ne5 O-O-O 25. Nxg4 fxg4 26. Rd1 h5 
27. b3 b6 28. Qd3 Qf5 29. Kg1 Qxd3 30. Rxd3 Be8 31. Kf2 Rxd3 32. Bxd3 Kd7 
33. Kg3 Ke7 34. Nf4 Kf6 35. Kh4 Ke5 36. Ne2 a6 37. Kg3 Bc6 38. Nf4 Bf3 
39. Nxh5 Kd4 40. Bg6 Kc3 41. Nf4 Kb2 42. Nd3+ Ka3 43. Bf7 a5 44. Bxe6 Kxa2 
45. b4 axb4 46. Nxb4+ cxb4 47. c5+ Ka3 48. cxb6 b3 49. Bxb3 1/2-1/2

[Event "Saturday Night engine Tour 9 Rd Swiss 7m+1s Starts at 2200hrs ST"]
[Site "Infinity Chess"]
[Date "2018.1.20"]
[Round "1"]
[White "BraveDevil"]
[Black "Thinker"]
[Result "1/2-1/2"]
[ECO "D37"]
[WhiteElo "2433"]
[BlackElo "2510"]
[WhiteEngine "Cryptic AIL V1"]
[BlackEngine "BrainFish_180113_x64_modern_CTG"]
[EventType "Swiss"]
[WhiteTeam ""]
[BlackTeam ""]
[PlyCount "81"]
[TimeControl "420+1"]

1. d4 d5 2. c4 e6 3. Nc3 Nf6 4. Nf3 Be7 5. Bf4 O-O 6. e3 Nbd7 7. cxd5 Nxd5 
8. Nxd5 exd5 9. Be2 Nf6 10. Ne5 Re8 11. O-O Be6 12. Qb3 Rb8 13. Qa4 a6 
14. Rac1 Bd6 15. Qc2 Rc8 16. Qb3 Rb8 17. Qd1 Ne4 18. f3 Nf6 19. Bg5 h6 
20. Bh4 c5 21. f4 Rc8 22. Bf3 cxd4 23. Qxd4 Be7 24. a4 Qd6 25. h3 Rxc1 
26. Rxc1 Bd8 27. Kh1 Bb6 28. Qd2 Qe7 29. a5 Ba7 30. Qe1 Bb8 31. Qc3 Ba7 
32. Qd3 Qb4 33. Bxf6 gxf6 34. Nxf7 Bxf7 35. Bxd5 Qe7 36. Qg6+ Kf8 37. Qxh6+ Kg8 
38. Qg6+ Kf8 39. Qh6+ Kg8 40. Qg6+ Kf8 41. Qh6+ 1/2-1/2

[Event "Saturday Night engine Tour 9 Rd Swiss 7m+1s Starts at 2200hrs ST"]
[Site "Infinity Chess"]
[Date "2018.1.20"]
[Round "1"]
[White "Victorious"]
[Black "star99"]
[Result "1-0 "]
[ECO "A05"]
[WhiteElo "2512"]
[BlackElo "2454"]
[WhiteEngine "BugChess2.41_Release"]
[BlackEngine "Cryptic AIL V1"]
[EventType "Swiss"]
[WhiteTeam ""]
[BlackTeam ""]
[PlyCount "182"]
[TimeControl "420+1"]

1. Nf3 Nf6 2. d4 d5 3. e3 Bf5 4. c4 e6 5. Qb3 b6 6. Nc3 Bd6 7. Bd2 dxc4 
8. Bxc4 h6 9. O-O O-O 10. Rfe1 Ne4 11. Qc2 Ng5 12. Qd1 Ne4 13. Qe2 Nd7 
14. Red1 Ndf6 15. Rac1 Qe7 16. Bd3 Nxd2 17. Rxd2 Bg4 18. h3 Bxf3 19. Qxf3 c5 
20. Nb5 Rad8 21. Qd1 cxd4 22. Nxd4 Rc8 23. Nc6 Qb7 24. Ba6 Qxa6 25. Rxd6 Qb7 
26. b4 a6 27. a4 b5 28. axb5 axb5 29. Rc5 Qc7 30. Rd2 Ra8 31. Rdc2 Ra6 
32. Nd4 Qd7 33. Rxb5 Nd5 34. Qd2 Rd8 35. Rbc5 Ra1+ 36. Kh2 Nf6 37. Qe2 Qd6+ 
38. g3 Ne4 39. Rc8 Rxc8 40. Rxc8+ Kh7 41. Qc4 Qe5 42. Kg2 Ng5 43. Qd3+ Qe4+ 
44. Qxe4+ Nxe4 45. Rc4 Ra2 46. Rc2 Ra4 47. Nc6 Ra3 48. h4 Nc3 49. Ne5 f6 
50. Nc4 Rb3 51. Na5 Ra3 52. Nc4 Rb3 53. Nd2 Ra3 54. g4 Kg8 55. Nc4 Rb3 
56. Na5 Ra3 57. Nc4 Rb3 58. Na5 Ra3 59. Nc6 Kf7 60. Rd2 Nb5 61. Rd7+ Kf8 
62. Rd8+ Kf7 63. Rd7+ Kf8 64. h5 Ra6 65. Rd8+ Kf7 66. Rd7+ Kf8 67. Rb7 Nd6 
68. Rb8+ Kf7 69. Nd4 Ra2 70. Kf3 f5 71. gxf5 Nxf5 72. Nc6 Nh4+ 73. Ke4 Nf5 
74. Ne5+ Kf6 75. f4 Ra3 76. Ng4+ Ke7 77. Rb7+ Kd6 78. Rb6+ Kd7 79. Ne5+ Ke7 
80. Nc4 Rc3 81. Ke5 Rxc4 82. Rxe6+ Kf7 83. Kxf5 Rxb4 84. e4 Rb8 85. e5 Rf8 
86. Ra6 Ke7+ 87. Ke4 Rb8 88. Ra7+ Kf8 89. Kf5 Rb6 90. Rd7 Rb8 91. Rd6 Rb7 1-0

[Event "Saturday Night engine Tour 9 Rd Swiss 7m+1s Starts at 2200hrs ST"]
[Site "Infinity Chess"]
[Date "2018.1.20"]
[Round "1"]
[White "Murx"]
[Black "MarioDeMonti"]
[Result "1/2-1/2"]
[ECO "A20"]
[WhiteElo "2515"]
[BlackElo "2460"]
[WhiteEngine "BrainFish_180113_x64_modern"]
[BlackEngine "stockfish_x64_bmi2_2018_01_13_CTG"]
[EventType "Swiss"]
[WhiteTeam ""]
[BlackTeam ""]
[PlyCount "173"]
[TimeControl "420+1"]

1. c4 e5 2. g3 Nc6 3. Bg2 g6 4. Nc3 Bg7 5. b3 h5 6. h4 d6 7. d3 Bg4 8. Qd2 Nge7 
9. e3 O-O 10. Bb2 Qd7 11. Nge2 a5 12. Rb1 Rfe8 13. Nd5 Bxe2 14. Nxe7+ Nxe7 
15. Qxe2 d5 16. Ba3 d4 17. Bh3 Qc6 18. O-O Qb6 19. e4 Bh6 20. f4 exf4 21. Qf3 c5 
22. gxf4 Qc7 23. Rb2 Kh7 24. Kh1 Rg8 25. Rg2 Rad8 26. Bc1 Nc6 27. Qd1 Qe7 
28. f5 Rd6 29. Bxh6 Kxh6 30. Rg5 Kg7 31. Qf3 Rf6 32. Rfg1 Rh8 33. Qg3 Qe5 
34. Qg2 Qd6 35. fxg6 fxg6 36. Rd5 Qf4 37. Rd7+ Kg8 38. Qg5 Qxg5 39. Rxg5 Rh7 
40. e5 Rxd7 41. exf6 Rd6 42. Bf5 b6 43. Bxg6 Rxf6 44. Be4+ Kf7 45. Rxh5 Nb4 
46. a4 Rf2 47. Kg1 Re2 48. Rh6 Re3 49. Rxb6 Nxd3 50. Bxd3 Rxd3 51. Rb5 Kf6 
52. Rxc5 Rxb3 53. Rxa5 Rb4 54. Kf2 Rxc4 55. h5 d3 56. Ke3 d2 57. Kxd2 Kg7 
58. Kd3 Rb4 59. Ra7+ Kg8 60. a5 Rb5 61. Ra8+ Kh7 62. a6 Rb3+ 63. Kc4 Rb6 
64. Ra7+ Kh6 65. Ra8 Kh7 66. Kc5 Rf6 67. Kb4 Rf4+ 68. Kc5 Rf5+ 69. Kb4 Rf4+ 
70. Kc3 Rf3+ 71. Kd4 Rf6 72. Ke5 Rh6 73. Ke4 Rb6 74. Kf5 Rb5+ 75. Ke4 Rb6 
76. Kf5 Rb5+ 77. Kg4 Rb4+ 78. Kf3 Rb3+ 79. Ke2 Rb6 80. Ra7+ Kg8 81. Kd2 Rd6+ 
82. Ke2 Rb6 83. Kd3 Re6 84. h6 Rxh6 85. Kc4 Rf6 86. Kb4 Rf4+ 87. Kc3 1/2-1/2

[Event "Saturday Night engine Tour 9 Rd Swiss 7m+1s Starts at 2200hrs ST"]
[Site "Infinity Chess"]
[Date "2018.1.20"]
[Round "1"]
[White "Dovahkiin"]
[Black "KhalidOmar"]
[Result "1/2-1/2"]
[ECO ""]
[WhiteElo "2465"]
[BlackElo "2532"]
[WhiteEngine "BrainFish_180113_x64_modern_CTG"]
[BlackEngine "Eman 1.64c 64-bit BMI2"]
[EventType "Swiss"]
[WhiteTeam ""]
[BlackTeam ""]
[PlyCount "113"]
[TimeControl "420+1"]

1. e3 d5 2. d3 e5 3. d4 Nd7 4. dxe5 Nxe5 5. Nd2 Nf6 6. Ngf3 Nxf3+ 7. Nxf3 c6 
8. c4 Ne4 9. a3 Be6 10. Qc2 Qa5+ 11. Nd2 Bb4 12. cxd5 Bxd2+ 13. Bxd2 Qxd5 
14. Bb4 a5 15. Bd3 Nxf2 16. Kxf2 axb4 17. axb4 Ke7 18. Qc3 Rhd8 19. Rxa8 Rxa8 
20. b5 c5 21. Be2 Ra2 22. Rd1 Qf5+ 23. Bf3 f6 24. Kg1 b6 25. b4 Ra4 26. bxc5 Rc4 
27. Qa1 Qxc5 28. Qa7+ Qc7 29. Qa8 Kf7 30. Bh5+ g6 31. Be2 Rc1 32. Rxc1 Qxc1+ 
33. Kf2 Qc7 34. Qe4 Qd6 35. Qb7+ Bd7 36. Bf3 f5 37. Ke2 Kg8 38. Bd5+ Be6 
39. Bxe6+ Qxe6 40. Qa8+ Kf7 41. Qa7+ Kf6 42. Qxh7 Qa2+ 43. Kf1 Qa1+ 44. Kf2 Qb2+ 
45. Kg3 Qxb5 46. Qh8+ Kf7 47. Qh7+ Kf6 48. Qh8+ Ke6 49. Qc8+ Kf6 50. Kf2 Qb2+ 
51. Kg3 Qe5+ 52. Kf2 b5 53. Qh8+ Ke6 54. Qg8+ Kf6 55. Qh8+ Ke6 56. Qg8+ Kf6 
57. Qh8+ 1/2-1/2

[Event "Saturday Night engine Tour 9 Rd Swiss 7m+1s Starts at 2200hrs ST"]
[Site "Infinity Chess"]
[Date "2018.1.20"]
[Round "1"]
[White "SkyPilot"]
[Black "Cepri"]
[Result "1/2-1/2"]
[ECO "C55"]
[WhiteElo "2541"]
[BlackElo "2468"]
[WhiteEngine "stockfish_x64_bmi2_2018_01_13_CTG"]
[BlackEngine "asmFishW_12J18Mb_CTG"]
[EventType "Swiss"]
[WhiteTeam ""]
[BlackTeam ""]
[PlyCount "164"]
[TimeControl "420+1"]

1. e4 e5 2. Nf3 Nc6 3. Bc4 Nf6 4. d3 Bc5 5. c3 d6 6. O-O a5 7. Re1 O-O 
8. Nbd2 h6 9. h3 Be6 10. Bb5 Qb8 11. Nf1 Qa7 12. Re2 a4 13. Ng3 Qa5 
14. Bxc6 bxc6 15. Nh4 Rfe8 16. Re1 d5 17. exd5 cxd5 18. Rxe5 Bf8 19. Qc2 c5 
20. Bd2 Nd7 21. Re2 c4 22. d4 a3 23. bxa3 Nf6 24. Nf3 Qa4 25. Qc1 Rab8 
26. Ne5 Bxa3 27. Qf1 Rb2 28. Bc1 Rxe2 29. Qxe2 Bf8 30. Bf4 Ba3 31. Qd2 Ra8 
32. Kh1 Bf8 33. Qe2 Ra6 34. Qd2 Ne8 35. Qe2 Rb6 36. Kg1 Nf6 37. Bc1 Rb7 
38. Bf4 Bd6 39. Qd2 Qa3 40. Qc1 Ra7 41. f3 Qxc1+ 42. Bxc1 Nd7 43. Nxd7 Bxd7 
44. Kf2 g5 45. Nf1 f6 46. g4 Kf7 47. a3 Ra5 48. Ne3 Rb5 49. a4 Ra5 50. Nf5 Bf8 
51. Ne3 Bd6 52. Bd2 Bf4 53. Be1 Rxa4 54. Rxa4 Bxe3+ 55. Kxe3 Bxa4 56. h4 gxh4 
57. Bxh4 Bd1 58. Bg3 Kg6 59. Bf4 h5 60. gxh5+ Kxh5 61. Bh2 Bc2 62. Bc7 Kh6 
63. Bb6 Bb3 64. Bd8 Kg6 65. Kf4 Bc2 66. Kg3 Bb3 67. Kf4 Ba4 68. Ba5 Bb5 
69. Bb4 Ba4 70. Be7 Bb3 71. Ba3 Bd1 72. Bc1 Bc2 73. Bb2 Kf7 74. Ba1 Ke6 
75. Bb2 Bd3 76. Ba3 Bc2 77. Bc1 Bg6 78. Bb2 Bc2 79. Ba1 Bd1 80. Bb2 Bc2 
81. Ba1 Bd1 82. Bb2 Bc2 1/2-1/2

[Event "Saturday Night engine Tour 9 Rd Swiss 7m+1s Starts at 2200hrs ST"]
[Site "Infinity Chess"]
[Date "2018.1.20"]
[Round "1"]
[White "RonWeasley"]
[Black "CoffeeOne"]
[Result "1/2-1/2"]
[ECO "C55"]
[WhiteElo "2504"]
[BlackElo "2548"]
[WhiteEngine "BrainFish 130117_CTG"]
[BlackEngine "Houdini 6"]
[EventType "Swiss"]
[WhiteTeam ""]
[BlackTeam ""]
[PlyCount "97"]
[TimeControl "420+1"]

1. e4 e5 2. Nf3 Nc6 3. Bc4 Nf6 4. d3 Bc5 5. c3 a5 6. Bg5 h6 7. Bh4 g5 8. Bg3 d6 
9. O-O O-O 10. a4 Kg7 11. Na3 Ne7 12. d4 exd4 13. e5 dxe5 14. Bxe5 Nc6 
15. cxd4 Bb6 16. Qc2 Bg4 17. Rad1 Bxf3 18. gxf3 Bxd4 19. Bxd4 Nxd4 20. Qc3 c5 
21. Nc2 Qc7 22. Nxd4 cxd4 23. Rxd4 Rad8 24. Rfd1 Rxd4 25. Qxd4 Re8 26. b3 Re7 
27. Qc3 b6 28. Rd5 Rd7 29. Rxd7 Qxd7 30. Qe5 Qh3 31. Qe7 Qd7 32. Qe5 Kg6 
33. Qb8 Qd4 34. Qf8 Qd7 35. Kh1 Nh5 36. Qg8+ Kf6 37. Qh8+ Kg6 38. Qg8+ Kf5 
39. Qh7+ Ke5 40. Qh8+ f6 41. Kg1 Qd1+ 42. Bf1 Nf4 43. Qe8+ Kd4 44. Qe3+ Kd5 
45. Qxb6 Ne2+ 46. Kg2 Nf4+ 47. Kg1 Ne2+ 48. Kg2 Nf4+ 49. Kg1 1/2-1/2

[Event "Saturday Night engine Tour 9 Rd Swiss 7m+1s Starts at 2200hrs ST"]
[Site "Infinity Chess"]
[Date "2018.1.20"]
[Round "1"]
[White "Deep_Impact"]
[Black "ocirema"]
[Result "1/2-1/2"]
[ECO "A20"]
[WhiteElo "2582"]
[BlackElo "2506"]
[WhiteEngine "BrainFish_180113_x64_modern"]
[BlackEngine "stockfish_18011309_x64_modern_CTG"]
[EventType "Swiss"]
[WhiteTeam ""]
[BlackTeam ""]
[PlyCount "148"]
[TimeControl "420+1"]

1. c4 e5 2. g3 Nf6 3. Bg2 d5 4. cxd5 Nxd5 5. Nc3 Nb6 6. e3 Nc6 7. Nge2 h5 
8. O-O h4 9. d4 hxg3 10. fxg3 Bg4 11. Qb3 Qd7 12. dxe5 Be6 13. Qc2 O-O-O 
14. b3 Nd5 15. Nxd5 Bxd5 16. e4 Be6 17. Bg5 Qd3 18. Rac1 Ba3 19. Qxd3 Rxd3 
20. Rc2 Rd7 21. Nf4 Bg4 22. e6 fxe6 23. Ng6 Re8 24. Kh1 Bh5 25. Nf4 Bd1 
26. Rcf2 Bc5 27. Rb2 Bg4 28. Bh3 Bxh3 29. Nxh3 Bd4 30. Re2 b5 31. Kg2 Ne5 
32. Bf4 Nd3 33. Rf3 Bb6 34. g4 c5 35. Bg3 c4 36. bxc4 bxc4 37. Ng5 e5 
38. Rc2 Rd4 39. h4 Kd7 40. h5 Kc6 41. Rf7 Nb4 42. Rc1 Nxa2 43. Ra1 Rd2+ 
44. Kh3 Bd4 45. Raf1 Rd3 46. Rxg7 c3 47. Rf6+ Kb5 48. Nf3 c2 49. Nxd4+ exd4 
50. Rb7+ Ka5 51. Rxa7+ Kb4 52. Rb6+ Kc5 53. Rb2 Rxg3+ 54. Kxg3 c1=Q 55. Rc7+ Kd6 
56. Rxc1 Nxc1 57. h6 Rh8 58. g5 Ke5 59. Kf3 Nd3 60. Rb5+ Ke6 61. Kg3 Ne5 
62. Rb6+ Kf7 63. Kf4 Ng6+ 64. Kf5 Ne7+ 65. Ke5 Rd8 66. Rf6+ Kg8 67. Ke6 Nc8 
68. Rg6+ Kh8 69. Rg7 d3 70. g6 d2 71. Rh7+ Kg8 72. Rg7+ Kh8 73. Rh7+ Kg8 
74. Rg7+ Kh8 1/2-1/2

[Event "Saturday Night Round Robin 3m+1s Starts at 2200hrs ST No Late Joins Possilbe"]
[Site "Infinity Chess"]
[Date "2018.1.27"]
[Round "9"]
[White "tris77"]
[Black "Gilgamesch"]
[Result "1/2-1/2"]
[ECO "C65"]
[WhiteElo "2437"]
[BlackElo "2552"]
[WhiteEngine "stockfish_18012416_x64_modern_CTG"]
[BlackEngine "BrainFish_171005_x64_bmi2"]
[EventType "Round Robin"]
[WhiteTeam ""]
[BlackTeam ""]
[PlyCount "83"]
[TimeControl "180+1"]

1. e4 e5 2. Nf3 Nc6 3. Bb5 Nf6 4. O-O Nxe4 5. d4 Nd6 6. Bxc6 dxc6 7. dxe5 Nf5 
8. Qxd8+ Kxd8 9. Nc3 Bd7 10. Rd1 Kc8 11. Ng5 Be8 12. Rd3 Be7 13. Nge4 b6 
14. b3 a5 15. Bb2 Bd7 16. a4 Be6 17. Ne2 g5 18. Nd6+ Bxd6 19. exd6 Rd8 
20. Bf6 Rxd6 21. Rxd6 cxd6 22. Bxg5 Kd7 23. Bf6 Ne7 24. Bxe7 Kxe7 25. f3 b5 
26. g4 b4 27. Kf2 c5 28. Rd1 Rc8 29. h4 d5 30. Ke3 d4+ 31. Ke4 Kd6 32. Ng3 Rc6 
33. g5 Bd5+ 34. Kd3 c4+ 35. bxc4 Rxc4 36. Ne4+ Ke5 37. f4+ Kxf4 38. Rf1+ Ke5 
39. Re1 Kf4 40. Rf1+ Ke5 41. Re1 Kf4 42. Rf1+ 1/2-1/2

[Event "Saturday Night Round Robin 3m+1s Starts at 2200hrs ST No Late Joins Possilbe"]
[Site "Infinity Chess"]
[Date "2018.1.27"]
[Round "9"]
[White "Dovahkiin"]
[Black "MrScience"]
[Result "1/2-1/2"]
[ECO "C12"]
[WhiteElo "2442"]
[BlackElo "2541"]
[WhiteEngine "BrainFish_180113_x64_modern_CTG"]
[BlackEngine "BrainFish_x64_modern"]
[EventType "Round Robin"]
[WhiteTeam ""]
[BlackTeam ""]
[PlyCount "114"]
[TimeControl "180+1"]

1. e4 e6 2. d4 d5 3. Nc3 Nf6 4. Bg5 Bb4 5. e5 h6 6. Be3 Ne4 7. Qg4 Kf8 
8. Nge2 c5 9. dxc5 Nc6 10. O-O-O Bxc3 11. Nxc3 Nxc3 12. bxc3 Qa5 13. Kd2 Qxa2 
14. Bd4 Qa5 15. Rb1 Qc7 16. f4 a5 17. Bd3 a4 18. Rb6 Na5 19. Rd6 a3 20. Ra1 Nc4+ 
21. Bxc4 dxc4 22. Qe2 Ra4 23. c6 Kg8 24. Ra2 bxc6 25. Bc5 Qa5 26. Qe4 f5 
27. exf6 Qxc5 28. Rd8+ Kf7 29. Rxh8 Qf2+ 30. Qe2 Qxf4+ 31. Qe3 Qxf6 32. Rxc8 Ra5 
33. Rc7+ Kg8 34. Rxa3 Qd8+ 35. Ke1 Qxc7 36. Rxa5 Qxa5 37. Qxe6+ Kh8 
38. Qxc4 Qe5+ 39. Kf2 c5 40. h4 Qf5+ 41. Kg3 Qe5+ 42. Kg4 h5+ 43. Kf3 Qf5+ 
44. Ke3 Qxc2 45. Qxc5 Qc1+ 46. Ke4 Qe1+ 47. Kd5 Qxh4 48. c4 Qd8+ 49. Kc6 Qc8+ 
50. Kb6 Qb8+ 51. Ka5 Qa8+ 52. Kb4 h4 53. Qh5+ Kg8 54. Qxh4 Qxg2 55. Qd8+ Kh7 
56. Qd3+ Kg8 57. c5 Qb7+ 1/2-1/2

[Event "Saturday Night Round Robin 3m+1s Starts at 2200hrs ST No Late Joins Possilbe"]
[Site "Infinity Chess"]
[Date "2018.1.27"]
[Round "9"]
[White "BraveDevil"]
[Black "xeonrocks"]
[Result "0-1"]
[ECO "C24"]
[WhiteElo "2445"]
[BlackElo "2528"]
[WhiteEngine "Cryptic AIL V2"]
[BlackEngine "asmFishW_CTG"]
[EventType "Round Robin"]
[WhiteTeam ""]
[BlackTeam ""]
[PlyCount "262"]
[TimeControl "180+1"]

1. e4 e5 2. Bc4 Nf6 3. d3 c6 4. Bb3 d5 5. Nf3 a5 6. a4 Bb4+ 7. c3 Bd6 8. O-O O-O 
9. exd5 cxd5 10. Re1 e4 11. dxe4 dxe4 12. Nd4 Bg4 13. Qd2 Na6 14. Bc2 e3 
15. Rxe3 Bf4 16. Qd3 Bxe3 17. Bxe3 Bh5 18. Na3 Bg6 19. Qb5 Bxc2 20. Naxc2 Qd5 
21. Nf5 Rfe8 22. Bd4 Nc7 23. Qxd5 Ncxd5 24. Na3 Re6 25. Nc4 b6 26. Rd1 g6 
27. Bxf6 gxf5 28. Bd4 f4 29. g3 Rc8 30. b3 f6 31. Kf1 Rd8 32. Rc1 Rb8 
33. Rd1 fxg3 34. hxg3 Kf7 35. Kg2 Kg6 36. Ra1 h6 37. Rd1 h5 38. Rh1 Ne7 
39. Be3 Rc6 40. Bf4 Rd8 41. Be3 Rb8 42. Bf4 Rd8 43. Be3 Nd5 44. Bd4 Rb8 
45. Be5 Rb7 46. Rd1 Rd7 47. Rb1 Rd8 48. Bd4 Rb8 49. Rd1 Nc7 50. Be3 b5 
51. Nxa5 Rxc3 52. Rd6 bxa4 53. bxa4 Ne8 54. Ra6 Nc7 55. Rd6 Ne8 56. Ra6 Rbc8 
57. Rb6 Rc2 58. Nb3 R2c6 59. Rb5 Nd6 60. Rd5 Nc4 61. Bf4 Ra6 62. a5 Ra7 
63. Rb5 Rca8 64. Bb8 Rd7 65. Bf4 Rdd8 66. Rb4 Rdc8 67. Rb5 Rd8 68. Rc5 Nb2 
69. Rb5 Rd7 70. Nd2 Nd3 71. Be3 Ne5 72. Bf4 Nc6 73. Nc4 Rd4 74. Rc5 Nb4 
75. Bd2 Nd5 76. Kf3 Ra6 77. Ne3 Nxe3 78. Kxe3 Rad6 79. Bc3 Ra4 80. Rc7 Ra3 
81. Rc5 Kf7 82. Ke2 Ke6 83. Bb4 Rb3 84. Bc3 Ra3 85. Bb4 Ra2+ 86. Ke3 Rb2 
87. Bc3 Rb3 88. Ke2 Rd7 89. Rc8 Ra3 90. Rc5 Rd8 91. Bb4 Rb3 92. Bc3 Ra3 
93. Bb4 Rb3 94. Bc3 Rd6 95. Rc4 Ra3 96. Rc5 Kf7 97. Ke3 Kg7 98. Ke4 Kg6 
99. f3 Ra2 100. Rc4 Rc2 101. Ke3 Re6+ 102. Kd4 Rf2 103. Kd5 Re8 104. f4 Rd8+ 
105. Ke4 Re2+ 106. Kf3 Re6 107. Bd4 Red6 108. Ke4 Re8+ 109. Kf3 Red8 
110. Ke4 Rb8 111. Ra4 Ra6 112. Kd3 Rba8 113. Bc3 Kf5 114. Ke2 Rc6 115. Ra3 Kg4 
116. f5 Kxg3 117. Bxf6+ Kg4 118. Bd4 h4 119. Kf2 Rc2+ 120. Kg1 Re8 121. Be3 h3 
122. Kh1 Re2 123. Bg1 Re1 124. Ra2 R8e3 125. Kh2 R3e2+ 126. Rxe2 Rxe2+ 
127. Kh1 Kg3 128. Bh2+ Rxh2+ 129. Kg1 Rg2+ 130. Kf1 h2 131. a6 h1=Q# 0-1

[Event "Saturday Night Round Robin 3m+1s Starts at 2200hrs ST No Late Joins Possilbe"]
[Site "Infinity Chess"]
[Date "2018.1.27"]
[Round "9"]
[White "star99"]
[Black "incredible"]
[Result "1/2-1/2"]
[ECO "C53"]
[WhiteElo "2455"]
[BlackElo "2467"]
[WhiteEngine "Cryptic AIL V2"]
[BlackEngine "Houdini 6"]
[EventType "Round Robin"]
[WhiteTeam ""]
[BlackTeam ""]
[PlyCount "140"]
[TimeControl "180+1"]

1. e4 e5 2. Nf3 Nc6 3. Bc4 Bc5 4. c3 Nf6 5. d3 a6 6. O-O Ba7 7. Be3 O-O 
8. Bxa7 Rxa7 9. Re1 d6 10. Nbd2 Ne7 11. a4 Ng6 12. a5 h6 13. d4 Ra8 14. Qb3 Qe7 
15. h3 Nh7 16. Qb4 Re8 17. dxe5 dxe5 18. Qxe7 Rxe7 19. Nb3 Nf6 20. Bd5 Rb8 
21. Nc5 Nf4 22. Bc4 Ne8 23. b4 Nd6 24. Bb3 Kh7 25. Rad1 f6 26. Kh2 g5 
27. Ng1 Kg7 28. Ne2 Nxe2 29. Rxe2 b6 30. axb6 cxb6 31. Na4 Nf7 32. Red2 h5 
33. Bxf7 Kxf7 34. Rd8 Rc7 35. Rh8 Bg4 36. Rh7+ Kg6 37. Rd8 Rxd8 38. Rxc7 b5 
39. Nc5 Be2 40. Ne6 Rg8 41. Ra7 Bc4 42. Rxa6 Bxe6 43. Rxe6 Rc8 44. Rb6 Rxc3 
45. Rxb5 g4 46. Rb8 Rc4 47. b5 Rxe4 48. b6 Rb4 49. hxg4 hxg4 50. Kg3 Kg5 
51. b7 Rb3+ 52. Kh2 Kf4 53. Kg1 Rb5 54. Kh1 Rb1+ 55. Kh2 Rb3 56. Kh1 e4 
57. Kh2 Rb4 58. g3+ Kf3 59. Rf8 Rxb7 60. Rxf6+ Ke2 61. Kg2 Rb2 62. Re6 Kd3 
63. Re8 Kd4 64. Rd8+ Kc3 65. Kf1 Kc4 66. Rg8 e3 67. Rxg4+ Kd3 68. fxe3 Kxe3 
69. Ra4 Kf3 70. Rf4+ Kxg3 1/2-1/2